 Dungeon Crawl Stone Soup version 0.31-a0-1616-gbeaec30b81 (webtiles) character file.

Game seed: 12582050510550093642

4180 gruber the Slicer (level 10, -2/51 HPs)
             Began as a Vine Stalker Fighter on Jan 10, 2024.
             Was a Follower of Uskayaw.
             Killed from afar by an electric eel (8 damage)
             ... with a bolt of electricity
             ... on level 8 of the Dungeon.
             The game lasted 00:07:12 (5628 turns).

gruber the Slicer (Vine Stalker Fighter)            Turns: 5628, Time: 00:07:13

Health: -2/51      AC: 13    Str: 19    XL:     10   Next: 28%
Magic:  0/14       EV: 15    Int:  8    God:    Uskayaw [*.....]
Gold:   462        SH:  6    Dex: 24    Spells: 9/9 levels left

rFire   . . .        t - +2 dagger (venom)
rCold   . . .        c - +0 buckler
rNeg    . . .        F - +0 steam dragon scales
rPois   .            j - +0 helmet
rElec   .            y - +0 cloak
rCorr   .            (no gloves)
SInv    .            C - +0 pair of boots
Will    +....        (no amulet)
Stlth   ++++         e - +6 ring of dexterity
HPRegen 1.08/turn    A - +4 ring of protection
MPRegen 0.14/turn

%: guardian spirit
@: no status effects
A: fangs 3, regeneration 1, magic shield, antimagic bite, no potion heal 2
a: Renounce Religion, Stomp


You were on level 8 of the Dungeon.
You worshipped Uskayaw.
Uskayaw was noncommittal.
You visited 2 branches of the dungeon, and saw 9 of its levels.
You also visited: Sewer.

You collected 462 gold pieces.

Inventory:

Hand Weapons
 t - a +2 dagger of venom (weapon)
Missiles
 k - a throwing net (quivered)
Armour
 c - a +0 buckler (worn)
 i - a +0 kite shield
 j - a +0 helmet (worn)
 y - a +0 cloak (worn)
 C - a +0 pair of boots (worn)
 F - +0 steam dragon scales (worn)
Jewellery
 e - a +6 ring of dexterity (left hand)
 z - a ring of protection from fire
 A - a +4 ring of protection (right hand)
Wands
 q - a wand of flame (64)
 D - a wand of mindburst (11)
Scrolls
 b - 2 scrolls of butterflies {unknown}
 f - 8 scrolls of identify {unknown}
 g - a scroll of enchant weapon {unknown}
 l - a scroll of silence {unknown}
 o - 2 scrolls of vulnerability {unknown}
 p - a scroll of poison {unknown}
 r - a scroll of fog {unknown}
 s - 2 scrolls of immolation {unknown}
 B - 4 scrolls of blinking {unknown}
 E - a scroll of brand weapon {unknown}
 H - a scroll of noise {unknown}
 K - a scroll of torment {unknown}
Potions
 a - 2 potions of curing {unknown}
 d - 4 potions of might
 h - a potion of cancellation {unknown}
 m - 2 potions of heal wounds {unknown}
 n - 3 potions of mutation {unknown}
 u - 2 potions of lignification {unknown}
 v - 2 potions of attraction {unknown}
 w - a potion of haste {unknown}
 x - a potion of magic {unknown}
 G - a potion of resistance {unknown}
 I - a potion of enlightenment {unknown}
 J - a potion of degeneration {unknown}


   Skills:
 - Level 5.0 Fighting
 - Level 8.0 Short Blades
 - Level 5.0 Armour
 - Level 5.0 Dodging
 - Level 8.0 Stealth
 - Level 2.6 Shields
 * Level 4.0 Invocations


You had 9 spell levels left.
You didn't know any spells.
Your spell library contained the following spells:

 Spells                   Type           Power      Damage    Failure   Level
 Shock                    Conj/Air       0%         1d3       50%         1
 Dazzling Flash           Conj/Hex       0%         N/A       86%         3
 Inner Flame              Hex/Fire       0%         N/A       86%         3
 Swiftness                Air            0%         N/A       86%         3
 Volatile Blastmotes      Fire/Tloc      0%         2d10      86%         3
 Airstrike                Air            0%         2d(0-16)  99%         4
 Flame Wave               Conj/Fire      0%         2d4       99%         4
 Sticky Flame             Fire/Alch      0%         2d4       99%         4
 Starburst                Conj/Fire      0%         6d3       100%        6
 Maxwell's Capacitive Co  Air            0%         ∞         100%        8


Dungeon Overview and Level Annotations

Branches:
Dungeon (8/15)             Temple (1/1) D:5            Lair (0/5) D:8
  Sewer (visited)

Altars:
Ashenzari
Cheibriados
Dithmenos
Fedhas
Gozag
Hepliaklqana
Kikubaaqudgha
Nemelex Xobeh
Okawaru
Qazlal
Ru
Sif Muna
Trog
Uskayaw
Vehumet
Wu Jian
Xom
Yredelemnul
Zin
The Shining One


Innate Abilities, Weirdness & Mutations

You have razor-sharp teeth.
Your natural rate of healing is unusually fast.
When hurt, damage is shared between your health and your magic reserves.
Your bite disrupts and absorbs the magic of your enemies.
Potions cannot restore your health.


Message History

The bolt of electricity hits you!
An electric eel is nearby!
An electric eel is nearby!
A hound comes into view.
The hound barks!
The electric eel shoots out a bolt of lightning at you!
The bolt of electricity hits you.
You miss the hound. Your bite misses the hound. The hound closely misses you.
You hit the hound. You bite the hound! You drain its power.
You feel invigorated.
The hound is almost dead.
The hound bites you but does no damage.
The electric eel shoots out a bolt of lightning at you!
The bolt of electricity hits you.
You hit the hound.
You kill the hound!
Your Invocations skill increases to level 4!
The electric eel shoots out a bolt of lightning at you!
The bolt of electricity hits the electric eel.
The electric eel completely resists.
The bolt of electricity hits you! The bolt of electricity hits you.
The electric eel shoots out a bolt of lightning at you!
The bolt of electricity hits you. The bolt of electricity hits you!
You are too injured to fight recklessly!
The electric eel shoots out a bolt of lightning at you!
The bolt of electricity hits you!
* * * LOW HITPOINT WARNING * * *
You barely miss the electric eel.
The electric eel shoots out a bolt of lightning at you!
The bolt of electricity hits the electric eel.
The electric eel completely resists.
The bolt of electricity hits you.
* * * LOW HITPOINT WARNING * * *
You completely miss the electric eel. Your bite misses the electric eel.
The electric eel shoots out a bolt of lightning at you!
The bolt of electricity hits you!
* * * LOW HITPOINT WARNING * * *
You closely miss the electric eel.
The electric eel shoots out a bolt of lightning at you!
The bolt of electricity hits you!
You die...

....##...............#.#....#..#.
....##...............#....(....#.
...###...........#+#...#......##.
....##...........#...............
#...###..........#....##.####.###
#........................####)###
#.................#######....))..
....~..~.~.~..~~.................
.........~~~~~~.@................
#...~~~≈~.~~≈≈≈.S................
#.....~≈~~~≈≈≈≈~.~...............
.#....≈≈~~~~≈≈~~≈~...............
.#..~≈≈~.~.~.≈S≈≈~.#'#...........
.#...~~~....~~≈≈≈~.#.##..........
.....~≈.~.>.~~≈≈≈≈.#.##..........
.....~~......~≈≈≈≈.# ...#.......
.....≈~~....~≈ ....#.......


You could see 2 electric eels.

Vanquished Creatures
  A komodo dragon (D:8)
  A troll (D:8)
  A wyvern (D:7)
  A wraith (D:8)
  Eustachio (D:4)
  A steam dragon (D:5)
  Edmund (D:4)
  2 water moccasins
  An orc warrior (D:5)
  2 sky beasts
  2 black bears
  3 ogres
  3 wolves (D:8)
  2 centaurs
  3 phantoms
  A gnoll sergeant (D:5)
  A bullfrog (D:8)
  5 scorpions (D:5)
  4 howler monkeys
  5 hounds
  2 gnoll boudas (D:5)
  2 orc priests (D:5)
  3 sleepcaps
  2 iguanas
  3 orc wizards
  A hell rat (Sewer)
  Robin (D:3)
  19 gnolls
  3 adders
  3 river rats (Sewer)
  A white imp (D:6)
  2 adder zombies (D:2)
  A ribbon worm (D:2)
  17 orcs
  3 bats
  2 bat zombies (D:2)
  6 endoplasms
  6 giant cockroaches
  16 goblins
  10 hobgoblins
  11 jackals
  9 kobolds
  2 quokkas
  3 ball pythons
  3 frilled lizards
  10 rats
182 creatures vanquished.

Notes
Turn   | Place    | Note
-------+----------+-------------------------------------------
     0 | D:1      | gruber the Vine Stalker Fighter began the quest for the
                  | Orb.
     0 | D:1      | Reached XP level 1. HP: 11/11 MP: 2/2
   138 | D:1      | Reached XP level 2. HP: 11/16 MP: 0/3
   304 | D:1      | Reached XP level 3. HP: 19/19 MP: 4/4
  1158 | D:2      | Reached XP level 4. HP: 23/23 MP: 5/5
  1582 | D:3      | Noticed Robin
  1597 | D:3      | Killed Robin
  1669 | D:3      | Found a glowing drain.
  1692 | Sewer    | Entered a sewer
  1733 | Sewer    | Reached XP level 5. HP: 19/27 MP: 3/6
  2354 | D:3      | Reached skill level 5 in Short Blades
  2436 | D:4      | Noticed Edmund
  2455 | D:4      | Killed Edmund
  2456 | D:4      | Reached XP level 6. HP: 15/32 MP: 3/7
  2651 | D:4      | Reached XP level 7. HP: 9/35 MP: 6/8
  2720 | D:4      | Noticed Eustachio
  2736 | D:4      | Killed Eustachio
  2979 | D:5      | Entered Level 5 of the Dungeon
  3073 | D:5      | Reached skill level 1 in Dodging
  3073 | D:5      | Gained mutation: You have razor-sharp teeth. [Vine Stalker
                  | growth]
  3073 | D:5      | Reached XP level 8. HP: 35/39 MP: 6/9
  3272 | D:5      | Found a staircase to the Ecumenical Temple.
  3288 | Temple   | Entered the Ecumenical Temple
  3296 | Temple   | Became a worshipper of Uskayaw the Reveller
  3333 | D:5      | Reached * piety under Uskayaw
  3334 | D:5      | Reached ** piety under Uskayaw
  3522 | D:5      | Reached *** piety under Uskayaw
  3551 | D:5      | Reached skill level 5 in Dodging
  3649 | D:5      | Reached XP level 9. HP: 45/45 MP: 8/10
  3650 | D:5      | Reached **** piety under Uskayaw
  3662 | D:5      | Found an opulent altar of Gozag.
  3806 | D:5      | Reached skill level 5 in Fighting
  3819 | D:5      | Reached ***** piety under Uskayaw
  4090 | D:6      | Noticed a rust devil
  4091 | D:6      | Noticed a rust devil
  4560 | D:7      | Reached skill level 5 in Armour
  4608 | D:7      | Reached skill level 1 in Stealth
  4839 | D:7      | Reached skill level 5 in Stealth
  5294 | D:8      | Noticed a komodo dragon
  5320 | D:8      | Killed a komodo dragon
  5321 | D:8      | Reached XP level 10. HP: 46/51 MP: 9/11
  5419 | D:8      | Found a staircase to the Lair.
  5628 | D:8      | Killed from afar by an electric eel

Illustrated notes

Levels and vault maps discovered:
D:1:      dpeg_arrival_prison, layout_loops_ring
D:2:      layout_basic, serial_undead, serial_undead_a, serial_undead_a,
          serial_undead_f, serial_undead_a
D:3:      layout_basic, serial_glass, glass_columns_a, glass_columns_b,
          portal_sewer_entry_f, uniq_robin
D:4:      layout_basic, uniq_eustachio, uniq_edmund
D:5:      minmay_chambers_of_fours, layout_loops_ring, grunt_gozag_statues,
          minmay_temple_entry_stoned_glass
D:6:      cheibrodos_iron_armory, layout_loops_cross, minmay_fountain_box
D:7:      layout_loops_ring
D:8:      layout_basic, erik_lair_island
Temple:   nicolae_temple_bog_church

Skill      XL: |  1  2  3  4  5  6  7  8  9 10 |
---------------+-------------------------------+-----
Short Blades   | 2 3 4 5 6 8 |  8.0
Dodging        | 1 5 |  5.0
Fighting       | 4 5 |  5.0
Armour         | 5 |  5.0
Stealth        | 7 8 |  8.0
Invocations    | 4 |  4.0
Shields        | |  2.6

Action                     |  1- 3 |  4- 6 |  7- 9 | 10-12 || total
---------------------------+-------+-------+-------+-------++-------
  Melee: Rapier            |    81 |       |       |       ||    81
         Bite              |    30 |    47 |   143 |    28 ||   248
         Dagger            |    34 |   148 |   325 |    79 ||   586
  Evoke: Wand              |       |       |     2 |       ||     2
   Stab: Paralysed         |       |       |     7 |     3 ||    10
         Sleeping          |       |       |       |     1 ||     1
 Armour: Scale mail        |    56 |    39 |    48 |       ||   143
         Animal skin       |       |     3 |       |       ||     3
         Steam dragon scal |       |       |    61 |    37 ||    98
  Dodge: Dodged            |    59 |    74 |   113 |    45 ||   291
  Block: Buckler           |    23 |    33 |    57 |     9 ||   122

Table legend: (Time is in decaauts)
 A = Elapsed time spent in this place.
 B = Non-inter-level travel time spent in this place.
 C = Inter-level travel time spent in this place.
 D = Time resting spent in this place.
 E = Time spent auto-exploring this place.
 F = Levels seen in this place.
 G = Mean time per level.
                   A        B        C        D        E       F      G
               +--------+--------+--------+--------+--------+-----+--------+
         Total |   5474 |   5293 |    181 |      0 |   4100 |  10 |  547.4 |
       Dungeon |   5330 |   5164 |    166 |      0 |   4039 |   8 |  666.2 |
        Temple |     16 |      1 |     15 |      0 |      0 |   1 |   16.0 |
         Sewer |    127 |    127 |      0 |      0 |     60 |   1 |  127.0 |
               +--------+--------+--------+--------+--------+-----+--------+

Top non-repeatable levels by time:
     D:1: 815 daAuts
     D:5: 805 daAuts
     D:3: 784 daAuts
     D:7: 740 daAuts
     D:2: 702 daAuts
     D:6: 647 daAuts
     D:4: 522 daAuts
     D:8: 311 daAuts
   Sewer: 127 daAuts
  Temple: 16 daAuts
